 Dungeon Crawl Stone Soup version 0.21.1-1-g345015fe64 (webtiles) character file.

21 Mrkan the Chopper (level 2, 0/26 HPs)
             Began as a Minotaur Gladiator on May 4, 2018.
             Slain by a hobgoblin (3 damage)
             ... led by Robin
             ... on level 2 of the Dungeon.
             The game lasted 00:03:14 (1100 turns).

Mrkan the Chopper (Minotaur Gladiator)              Turns: 1100, Time: 00:03:18

Health: 0/26       AC:  3    Str: 18    XL:     2   Next: 62%
Magic:  1/1        EV: 12    Int:  5    God:
Gold:   39         SH:  0    Dex: 11    Spells: 1/1 levels left

rFire    . . .     SeeInvis .   a - +0 war axe
rCold    . . .     Gourm    .   (no shield)
rNeg     . . .     Faith    .   b - +0 leather armour
rPois    .         Spirit   .   c - +0 hat
rElec    .         Reflect  .   (no cloak)
rCorr    .         Harm     .   (no gloves)
MR       .....                  (no boots)
Stlth    +.........             (no amulet)
HPRegen  0.08/turn              (no ring)
MPRegen  0.07/turn              (no ring)

@: no status effects
A: retaliatory headbutt, horns 2
a: no special abilities


You were on level 2 of the Dungeon.
You were hungry.

You visited 1 branch of the dungeon, and saw 2 of its levels.

You collected 39 gold pieces.

Inventory:

Hand Weapons
 a - a +0 war axe (weapon)
Missiles
 d - 3 throwing nets (quivered)
Armour
 b - a +0 leather armour (worn)
 c - a +0 hat (worn)
 j - a +0 chain mail
Scrolls
 e - a scroll of identify {unknown}
 k - 2 scrolls of remove curse {unknown}
 l - 2 scrolls of teleportation {unknown}
 m - a scroll of enchant armour {unknown}
 n - a scroll of noise {unknown}
 o - a scroll of enchant weapon {unknown}
Potions
 g - 2 potions of curing {unknown}
 h - a potion of cancellation {unknown}
 i - a potion of ambrosia {unknown}
Comestibles
 f - 2 rations


   Skills:
 * Level 3.0 Fighting
 + Level 4.2 Axes
 - Level 2.0 Throwing
 * Level 1.1 Armour
 - Level 3.2 Dodging


You had one spell level left.
You didn't know any spells.

Dungeon Overview and Level Annotations

Branches:
Dungeon (2/15)

Altars:

Annotations:
D:2 Robin


Innate Abilities, Weirdness & Mutations

You reflexively headbutt those who attack you in melee.
You have a pair of horns on your head.


Message History

The goblins go into a battle-frenzy!
The goblin closely misses you.
Robin drinks a potion.
Robin goes berserk!
You barely miss Robin. You hit the goblin but do no damage.
You hit the hobgoblin. Robin barely misses you.
The hobgoblin completely misses you. The goblin hits you with a club.
Robin closely misses you.
A goblin comes into view.
You completely miss Robin. You barely miss the hobgoblin.
You closely miss the hobgoblin. You closely miss the goblin.
Robin hits you with a spear. The hobgoblin closely misses you.
The hobgoblin hits you but does no damage.
The goblin hits you with a club. Robin hits you with a spear.
You slash Robin! You headbutt Robin, but do no damage.
Robin is heavily wounded.
You barely miss the goblin. You closely miss the hobgoblin.
You barely miss the hobgoblin. The hobgoblin hits you.
The hobgoblin barely misses you. Robin hits you with a spear.
* * * LOW HITPOINT WARNING * * *
The goblin closely misses you. The hobgoblin hits you.
You die...

# #######
#.######.....####
#............g...
...........gg######.
#.....g@g......
#.###.#....g#######
#(....###.### ###
#####.# #... ..# #.#
##### #.# #.#
#######.## #.#
##...#....# ..# #.#
#......#.######## ..#
#.####........<.......


You could see Robin (berserk), 2 hobgoblins and 3 goblins.

Vanquished Creatures
  6 goblins
  4 hobgoblins
  A kobold (D:1)
  3 bats (D:1)
  A frilled lizard (D:1)
  3 rats
18 creatures vanquished.

Notes
Turn   | Place    | Note
-------+----------+-------------------------------------------
     0 | D:1      | Mrkan the Minotaur Gladiator began the quest for the Orb.
     0 | D:1      | Reached XP level 1. HP: 18/18 MP: 0/0
   339 | D:1      | Reached skill level 4 in Axes
   339 | D:1      | Reached XP level 2. HP: 25/25 MP: 1/1
  1091 | D:2      | Noticed Robin
  1095 | D:2      | Reached skill level 1 in Armour
  1100 | D:2      | Slain by a hobgoblin

Skill      XL: |  1  2 |
---------------+-------+-----
Axes           | 4 |  4.2
Fighting       | 3 |  3.0
Armour         | 1 |  1.1
Throwing       | |  2.0
Dodging        | |  3.2

Action                   || total
-------------------------++-------
Melee: War axe           ||    32
       Headbutt          ||     5
Armor: Leather armour    ||    11
Dodge: Dodged            ||    31
